 Dungeon Crawl Stone Soup version 0.25-a0-426-g7d9e569eea (console) character file.

Game seed: 13606425894010093105, levelgen mode: deterministic

4512 Kagalorn the Cleaver (level 10, -3/77 HPs)
             Began as a Minotaur Fighter on Jan 25, 2020.
             Was an Elder of Elyvilon.
             Slain by a troll (5 damage)
             ... on level 9 of the Dungeon.
             The game lasted 00:19:14 (8155 turns).

Kagalorn the Cleaver (Minotaur Fighter)             Turns: 8155, Time: 00:19:15

Health: -3/77      AC:  9    Str: 24    XL:     10   Next: 16%
Magic:  0/12       EV:  7    Int:  5    God:    Elyvilon [****..]
Gold:   466        SH: 13    Dex: 10    Spells: 9/9 levels left

rFire    + . .     SeeInvis .   a - +1 war axe
rCold    . . .     Gourm    .   c - +1 shield
rNeg     . . .     Faith    .   G - +0 chain mail (curse)
rPois    .         Spirit   +   (helmet restricted)
rElec    .         Reflect  .   (no cloak)
rCorr    .         Harm     .   (no gloves)
MR       .....                  (no boots)
Stlth    ..........             r - amulet of guardian spirit
HPRegen  0.22/turn              F - ring of protection from fire
MPRegen  0.13/turn              (no ring)

@: no status effects
A: retaliatory headbutt, horns 2
a: Lesser Healing, Heal Other, Purification, Greater Healing, Divine Protection,
Renounce Religion


You were on level 9 of the Dungeon.
You worshipped Elyvilon.
Elyvilon was greatly pleased with you.
You were not hungry.

You visited 2 branches of the dungeon, and saw 10 of its levels.

You collected 518 gold pieces.
You spent 52 gold pieces at shops.

Inventory:

Hand Weapons
 a - a +1 war axe (weapon)
Missiles
 k - 88 bolts
Armour
 c - a +1 shield (worn)
 G - a cursed +0 chain mail (worn)
Jewellery
 r - an amulet of guardian spirit (around neck)
 F - a ring of protection from fire (left hand)
Wands
 l - a wand of acid (7) (quivered)
 s - a wand of flame (9)
 y - a wand of paralysis (10)
Scrolls
 m - a scroll of fear
 n - 5 scrolls of amnesia
 o - 2 scrolls of teleportation
 p - 2 scrolls of enchant weapon
 A - 2 scrolls of remove curse
 B - 2 scrolls of enchant armour
 C - a scroll of magic mapping
 E - a scroll of fog
Potions
 b - 3 potions of lignification {unknown}
 d - a potion of might
 e - 6 potions of haste
 g - 2 potions of magic
 h - a potion of ambrosia
 j - 3 potions of brilliance
 q - 2 potions of degeneration
 t - 3 potions of curing
 u - a potion of flight {unknown}
 v - 2 potions of heal wounds
 w - a potion of berserk rage {unknown}
 x - 3 potions of invisibility
 z - 2 potions of cancellation
 D - a potion of mutation
Comestibles
 f - 23 rations


   Skills:
 - Level 3.6 Fighting
 * Level 13.2 Axes
 - Level 3.6 Armour
 * Level 10.6 Shields
 * Level 4.5 Invocations


You had 9 spell levels left.
You didn't know any spells.
Your spell library contained the following spells:

 Spells                   Type           Power        Failure   Level  Hunger
 Magic Dart               Conj           #...         100%        1    ##.....
 Shock                    Conj/Air       #...         100%        1    ##.....
 Searing Ray              Conj           #.....       100%        2    ###....
 Swiftness                Chrm/Air       #.......     100%        2    ###....
 Dazzling Flash           Conj/Hex       #.....       100%        3    ####...
 Static Discharge         Conj/Air       #.......     100%        3    ####...
 Airstrike                Air            #.........   100%        4    #####..
 Fulminant Prism          Conj/Hex       #.........   100%        4    #####..
 Iskenderun's Mystic Bla  Conj/Tloc      #.......     100%        4    #####..
 Lightning Bolt           Conj/Air       #.........   100%        5    ######.


Dungeon Overview and Level Annotations

Branches:
Dungeon (9/15)             Temple (1/1) D:7
   Lair: D:8-11         Orc: D:9-12

Altars:
Ashenzari
Cheibriados
Dithmenos
Elyvilon
Fedhas
Gozag
Hepliaklqana
Kikubaaqudgha
Makhleb
Nemelex Xobeh
Okawaru
Qazlal
Ru
Sif Muna
Trog
Uskayaw
Vehumet
Wu Jian
Yredelemnul
Zin
The Shining One

Shops:
D:8 *

Annotations:
D:4 2 transporters, ChaosChampion's ghost, amateur OpTm


Innate Abilities, Weirdness & Mutations

You reflexively headbutt those who attack you in melee.
You have a pair of horns on your head.


Message History

You slash the troll! Your headbutt misses the troll.
The troll is heavily wounded.
The troll bites you. You block the troll's attack. The troll claws you!
* * * LOW HITPOINT WARNING * * *
You slash the troll! Your headbutt misses the troll.
The troll is severely wounded.
The troll bites you!
* * * LOW HITPOINT WARNING * * *
You block the troll's attack. x2
You hit the troll. Your headbutt misses the troll.
The troll is severely wounded.
You block the troll's attack. x2; The troll claws you.
* * * LOW HITPOINT WARNING * * *
You closely miss the troll.
You headbutt the troll, but do no damage.
The troll is severely wounded.
The troll bites you!
* * * LOW HITPOINT WARNING * * *
You block the troll's attack. The troll claws you.
You die...

#.# #.#####..
#######.......#
.........######
#######.## #..#
#.## ###.# #.@.#
###T### #...#
###### ###'######
......###........#
.....T..#........#
#.#........#
#.'..<.....+
###........#


You could see a troll.

Vanquished Creatures
  A two-headed ogre (D:9)
  A rime drake (shapeshifter) (D:8)
  A spriggan (D:7)
  A shadow (D:6)
  A hungry ghost (D:9)
  The ghost of navillus the Cudgeler, an amateur GrFi (D:3)
  An ice beast (D:9)
  3 sky beasts
  3 orc warriors
  2 phantoms
  5 ogres
  2 centaurs
  A big kobold (D:8)
  A bullfrog (D:8)
  2 scorpions
  4 killer bees
  A wight (D:8)
  3 crimson imps
  5 hounds
  A quasit (D:5)
  A bullfrog zombie (D:7)
  4 orc priests
  2 bullfrog skeletons
  A centaur skeleton (D:8)
  6 orc wizards
  Jessica (D:3)
  Ijyb (D:3)
  Natasha (thrice) (D:4)
  8 worker ants
  A killer bee zombie (D:2)
  A hound zombie (D:6)
  2 hound skeletons (D:6)
  A worker ant zombie (D:9)
  5 adders
  An ooze (D:4)
  An adder skeleton (D:4)
  4 worms
  2 dart slugs
  6 leopard geckos
  23 orcs
  5 bats
  6 giant cockroaches
  5 goblins
  4 hobgoblins
  3 jackals (D:7)
  8 quokkas
  3 ball pythons
  5 frilled lizards
  4 kobolds
  A leopard gecko skeleton (D:4)
  A rat (D:3)
159 creatures vanquished.

Notes
Turn   | Place    | Note
-------+----------+-------------------------------------------
     0 | D:1      | Kagalorn the Minotaur Fighter began the quest for the Orb.
     0 | D:1      | Reached XP level 1. HP: 19/19 MP: 0/0
    39 | D:1      | Reached skill level 3 in Axes
    99 | D:1      | Reached XP level 2. HP: 26/26 MP: 1/1
   687 | D:2      | Reached XP level 3. HP: 31/31 MP: 2/2
   759 | D:2      | Reached skill level 4 in Axes
  1363 | D:3      | Found a runed translucent door.
  1363 | D:3      | Noticed Ijyb
  1377 | D:3      | Killed Ijyb
  1377 | D:3      | Reached XP level 4. HP: 14/39 MP: 3/3
  1612 | D:3      | Noticed navillus's ghost (amateur GrFi)
  1644 | D:3      | Noticed Jessica
  1654 | D:3      | Killed Jessica
  1654 | D:3      | Reached skill level 5 in Axes
  1654 | D:3      | Reached skill level 5 in Shields
  1725 | D:3      | Reached XP level 5. HP: 45/45 MP: 4/4
  1759 | D:3      | Found a white marble altar of Elyvilon.
  1822 | D:3      | Became a worshipper of Elyvilon the Healer
  1862 | D:3      | You fall into a shaft and drop 3 floors!
  1888 | D:6      | Noticed a phantom
  1906 | D:6      | Killed a phantom
  1906 | D:6      | Reached skill level 6 in Axes
  1910 | D:6      | Noticed an ogre
  1933 | D:6      | Noticed an orc warrior
  1937 | D:6      | Noticed a centaur
  1981 | D:5      | Entered Level 5 of the Dungeon
  2161 | D:5      | Found an ornate altar of the Wu Jian Council.
  2161 | D:5      | Found an opulent altar of Gozag.
  2166 | D:5      | Found a radiant altar of Vehumet.
  2168 | D:5      | Found a bloodstained altar of Trog.
  2170 | D:5      | Found a glowing silver altar of Zin.
  2206 | D:5      | Reached XP level 6. HP: 42/51 MP: 5/5
  2260 | D:5      | Reached skill level 1 in Invocations
  2350 | D:5      | Reached skill level 7 in Axes
  2540 | D:4      | Reached XP level 7. HP: 57/57 MP: 7/7
  2567 | D:4      | Reached * piety under Elyvilon
  2703 | D:4      | Noticed Natasha
  2713 | D:4      | Killed Natasha
  3103 | D:4      | Reached skill level 8 in Axes
  3123 | D:4      | Noticed Natasha
  3132 | D:4      | Killed Natasha
  3167 | D:4      | Noticed ChaosChampion's ghost (amateur OpTm)
  3183 | D:4      | Identified the cursed +1 great mace "Beastbane" {protect,
                  | *Corrode Fragile Str+4 Stlth+}
  3184 | D:4      | Found a transporter.
  3188 | D:4      | Found a transporter.
  3460 | D:4      | Noticed Natasha
  3473 | D:4      | Killed Natasha
  4293 | D:3      | Reached ** piety under Elyvilon
  4455 | D:3      | Killed navillus's ghost
  4455 | D:3      | Reached skill level 9 in Axes
  4455 | D:3      | Reached XP level 8. HP: 18/64 MP: 8/8
  5455 | D:6      | Reached skill level 10 in Axes
  5759 | D:7      | Found a staircase to the Ecumenical Temple.
  5779 | Temple   | Entered the Ecumenical Temple
  5892 | D:7      | Reached *** piety under Elyvilon
  6102 | D:7      | Found a snail-covered altar of Cheibriados.
  6114 | D:7      | Reached skill level 11 in Axes
  6293 | D:7      | Reached XP level 9. HP: 53/70 MP: 10/10
  6372 | D:7      | Found a shattered altar of Ashenzari.
  6686 | D:7      | Reached **** piety under Elyvilon
  7405 | D:8      | Found Goacvoal's General Store.
  7414 | D:8      | Bought a scroll of identify for 26 gold pieces
  7414 | D:8      | Bought a scroll of fog for 26 gold pieces
  7421 | D:8      | Found a blossoming altar of Fedhas.
  7640 | D:8      | Reached skill level 12 in Axes
  7668 | D:8      | Noticed a rime drake
  7683 | D:8      | Killed a rime drake
  8011 | D:9      | Reached skill level 10 in Shields
  8078 | D:9      | Noticed a two-headed ogre
  8087 | D:9      | Killed a two-headed ogre
  8087 | D:9      | Reached skill level 13 in Axes
  8087 | D:9      | Reached XP level 10. HP: 46/77 MP: 7/12
  8155 | D:9      | HP: 2/77 [troll (7)]
  8155 | D:9      | Slain by a troll

Levels and vault maps discovered:
D:1:      lightli_arrival_lavapool, layout_basic
D:2:      layout_loops_ring
D:3:      layout_rooms, lemuel_coloured_pillars_altar,
          hellmonk_ghost_happy_afterlife, minmay_misc_feat_alley, uniq_ijyb,
          uniq_jessica
D:4:      layout_layer_cave, gammafunk_ghost_smash, uniq_natasha
D:5:      layout_basic, chequers_temple_overflow_minitemple, first_ration,
          solitary_fountain
D:6:      layout_rooms
D:7:      layout_layer_cave, kennysheep_little_box,
          minmay_temple_entry_sparse_star, the_bakery, cheibriados_altar_1
D:8:      kennysheep_blocky_room, layout_rooms, fedhas_bush_and_centaur_altar,
          serial_shops, nicolae_shop_statue_plus
D:9:      layout_roguey, xom_teletrap_fun, serial_shops,
          nicolae_shop_behind_doors, okawaru_gym_becter, uniq_erica
Temple:   cyrus_circular_temple

Skill      XL: |  1  2  3  4  5  6  7  8  9 |
---------------+----------------------------+-----
Axes           | 3 4 5 6 7 9 11 13 | 13.2
Shields        | 4 5 6 7 8 10 | 10.6
Invocations    | 1 2 3 4 |  4.5
Fighting       | |  3.6
Armour         | |  3.6

Action                   |  1- 3 |  4- 6 |  7- 9 | 10-12 || total
-------------------------+-------+-------+-------+-------++-------
Melee: War axe           |    80 |    93 |   398 |    22 ||   593
       Headbutt          |     8 |    20 |    63 |     4 ||    95
Invok: Purification      |       |       |     1 |       ||     1
Evoke: Wand              |       |       |     1 |       ||     1
  Use: Scroll            |       |     3 |    14 |       ||    17
       Potion            |       |     1 |     1 |       ||     2
  Eat: Chunk             |       |     5 |    14 |       ||    19
       Ration            |       |       |     2 |       ||     2
Armor: Scale mail        |    23 |    36 |    32 |       ||    91
       Chain mail        |       |       |    57 |     8 ||    65
Dodge: Dodged            |    21 |    28 |   113 |     2 ||   164
Block: Shield            |    43 |    51 |   210 |    14 ||   318

Table legend:
 A = Non-vault XP
 B = Vault XP
 C = Vault XP percentage of total XP
 D = Non-vault monster count
 E = Vault monster count
 F = Vault count percentage of total count
                 A         B        C        D         E       F
            +---------+---------+-------+---------+---------+-------
      Total |    5006 |    1440 |  22.3 |     146 |      13 |   8.2
            +---------+---------+-------+---------+---------+-------
        D:1 |      37 |       0 |   0.0 |      19 |       0 |   0.0
        D:2 |      52 |       0 |   0.0 |       9 |       0 |   0.0
        D:3 |     103 |     238 |  69.8 |      21 |       3 |  12.5
        D:4 |     576 |      36 |   5.9 |      26 |       1 |   3.7
        D:5 |     363 |       0 |   0.0 |      12 |       0 |   0.0
        D:6 |    1042 |       0 |   0.0 |      21 |       0 |   0.0
        D:7 |     659 |     220 |  25.0 |      20 |       1 |   4.8
        D:8 |     404 |     946 |  70.1 |       6 |       8 |  57.1
        D:9 |    1770 |       0 |   0.0 |      12 |       0 |   0.0
            +---------+---------+-------+---------+---------+-------
